 Dungeon Crawl Stone Soup version 0.31-a0-325-g067879e3d3 (webtiles) character file.

Game seed: 7753271958199090041

1894 AdnanSaban the Basher (level 9, -5/55 HPs)
             Began as a Gargoyle Fighter on July 18, 2023.
             Slain by an orc knight
             ... wielding a +0 halberd
              (9 damage)
             ... in a bailey.
             The game lasted 00:11:51 (6765 turns).

AdnanSaban the Basher (Gargoyle Fighter)            Turns: 6765, Time: 00:11:52

Health: -5/55      AC: 17    Str: 24    XL:     9   Next: 15%
Magic:  9/9        EV:  8    Int:  9    God:
Gold:   437        SH:  5    Dex:  9    Spells: 8/8 levels left

rFire   . . .        E - +1 flail (holy)
rCold   . . .        c - +0 buckler
rNeg    + . .        n - +0 chain mail
rPois   ∞            H - +0 helmet
rElec   +            (no cloak)
rCorr   .            (no gloves)
SInv    .            (no boots)
Will    +....        (no amulet) Stlth
                     l - ring of willpower
HPRegen 0.29/turn    (no ring)
MPRegen 0.11/turn

%: no passive effects
@: no status effects
A: sickness immunity, AC +6, negative energy resistance 1, electricity
resistance, torment resistance 1, petrification resistance
a: no special abilities


You were in a bailey.
You visited 1 branch of the dungeon, and saw 7 of its levels.
You also visited: Sewer, Ossuary and Bailey.

You collected 437 gold pieces.

Inventory:

Hand Weapons
 E - a +1 flail of holy wrath (weapon)
Missiles
 w - a throwing net
Armour
 c - a +0 buckler (worn)
 n - a +0 chain mail (worn)
 H - a +0 helmet (worn)
Jewellery
 a - an amulet of magic regeneration
 l - a ring of willpower (left hand)
 x - a ring of fire
 J - an amulet of guardian spirit
Wands
 s - a wand of charming (8)
 K - a wand of quicksilver (9)
Scrolls
 b - 2 scrolls of fog {unknown}
 e - 11 scrolls of identify {unknown}
 f - a scroll of butterflies {unknown}
 h - 4 scrolls of teleportation {unknown}
 j - 2 scrolls of enchant weapon {unknown}
 m - 4 scrolls of noise
 p - 2 scrolls of blinking {unknown}
 q - 4 scrolls of amnesia {unknown}
 v - 2 scrolls of fear {unknown}
 y - 3 scrolls of enchant armour {unknown}
 A - 2 scrolls of brand weapon {unknown}
 F - a scroll of poison {unknown}
 I - a scroll of immolation {unknown}
Potions
 d - a potion of might
 g - a potion of lignification {unknown}
 i - 2 potions of mutation {unknown}
 k - a potion of brilliance {unknown}
 o - a potion of heal wounds {unknown}
 r - 3 potions of cancellation {unknown}
 t - 4 potions of berserk rage {unknown}
 u - 2 potions of curing {unknown}
 z - a potion of ambrosia {unknown}
 B - 2 potions of invisibility {unknown}
 C - 2 potions of magic {unknown}
 D - 3 potions of attraction {unknown}
 G - 7 potions of enlightenment
 L - a potion of haste {unknown}


   Skills:
 + Level 5.8 Fighting
 + Level 8.8 Maces & Flails
 + Level 6.3 Armour
 + Level 5.7 Shields


You had 8 spell levels left.
You didn't know any spells.
Your spell library contained the following spells:

 Spells                   Type           Power      Damage    Failure   Level
 Magic Dart               Conj           0%         1d3       94%         1
 Call Imp                 Summ           0%         N/A       98%         2
 Ensorcelled Hibernation  Hex/Ice        0%         N/A       98%         2
 Passwall                 Tmut/Erth      0%         N/A       98%         2
 Dazzling Flash           Conj/Hex       0%         N/A       100%        3
 Mephitic Cloud           Conj/Pois/Air  0%         N/A       100%        3
 Swiftness                Air            0%         N/A       100%        3
 Volatile Blastmotes      Fire/Tloc      0%         2d10      100%        3
 Starburst                Conj/Fire      0%         6d3       100%        6
 Maxwell's Capacitive Co  Air            0%         ∞         100%        8


Dungeon Overview and Level Annotations

Branches:
Dungeon (7/15)              Sewer (visited)         Ossuary (visited)
 Bailey (1/1)
 Temple: D:4-7

Altars:
Nemelex Xobeh

Shops:
D:4 (


Innate Abilities, Weirdness & Mutations

You are immune to sickness and miasma.
Your stone body is resilient. (AC +6)
You are immune to poison.
You resist negative energy. (rN+)
You are resistant to electric shocks. (rElec)
You are resistant to unholy torment.
You are immune to petrification.


Message History

You see here a +2 halberd of electrocution.
There is an open door here.
Which direction?
There is an open door here.
Which direction?
You close the door.
An orc knight opens the door.
Which direction?
You close the door.
An orc knight breaks down the door.
Okay, then.
The orc no longer looks unusually strong.
The orc knight hits you but does no damage.
The orc hits you but does no damage.
There is a broken door here.
You sock the orc knight!
The orc knight is lightly wounded.
The orc knight roars a battlecry!
The orcs go into a battle-frenzy!
The orc hits you from afar with a +0 spear.
You barely miss the orc knight.
The orc knight is lightly wounded.
The orc knight roars a battlecry!
The orc hits you but does no damage.
You hit the orc knight.
The orc knight is lightly wounded.
The orc knight hits you with a +0 halberd.
The orc hits you from afar with a +0 spear.
You thump the orc knight!
The orc knight is moderately wounded.
The orc knight hits you with a +0 halberd!
* * * LOW HITPOINT WARNING * * *
The orc completely misses you.
You bludgeon the orc knight!!
The orc knight is severely wounded.
The orc knight hits you with a +0 halberd!
* * * LOW HITPOINT WARNING * * *
The orc hits you from afar with a +0 spear.
* * * LOW HITPOINT WARNING * * *
The orc knight attacks as you move away!
The orc knight hits you with a +0 halberd!
You die...

#'##'##'###'##'##
##.....## ##.....
###.....#####.....
#)'..⌠..'.#.'..∩..
###.....#####.....
##)....## #.....
##)##'##'# #'##'##
#.###)###)#.# #.##
#@# ### ### ###
#o###)# #.#g#
##o##'##'# #+
##g....# !
###g....### !.
#.'..⌠..')# ⌠.!
###.....### !.!
##.....## !g
#'##'##'###'# '


You could see an orc knight, 2 gnolls and an orc (strong).

Vanquished Creatures
  Edmund (D:5)
  An ice beast (D:6)
  A phantom (D:6)
  2 elf zombies
  2 elf skeletons (D:5)
  2 scorpions
  2 wights (D:6)
  2 howler monkeys (D:4)
  4 jellies
  5 hounds
  A human zombie (Ossuary)
  An orc priest (D:6)
  A sleepcap (D:6)
  2 iguanas
  2 human skeletons (D:5)
  4 mummies (Ossuary)
  2 hound zombies (Ossuary)
  Robin (D:4)
  13 gnolls
  15 adders
  6 river rats
  An adder zombie (Ossuary)
  3 worms
  4 dart slugs
  21 orcs
  8 endoplasms
  11 giant cockroaches
  A gnoll zombie (Ossuary)
  28 goblins
  10 hobgoblins
  14 jackals
  4 kobolds
  4 quokkas
  10 ball pythons
  12 bats
  6 frilled lizards
  A goblin zombie (Ossuary)
  2 jackal zombies (Ossuary)
  A kobold zombie (Ossuary)
  An orc skeleton (D:5)
  6 rats
  2 rat zombies (Ossuary)
220 creatures vanquished.

Notes
Turn   | Place    | Note
-------+----------+-------------------------------------------
     0 | D:1      | AdnanSaban the Gargoyle Fighter began the quest for the
                  | Orb.
     0 | D:1      | Reached XP level 1. HP: 14/14 MP: 1/1
    73 | D:1      | Reached XP level 2. HP: 19/19 MP: 2/2
   309 | D:1      | Found a faded altar of an unknown god.
   641 | D:2      | Reached XP level 3. HP: 23/23 MP: 3/3
  1354 | D:2      | Reached skill level 3 in Maces & Flails
  1356 | D:2      | Reached XP level 4. HP: 26/29 MP: 4/4
  2110 | D:4      | Reached XP level 5. HP: 25/33 MP: 5/5
  2176 | D:4      | Reached skill level 4 in Maces & Flails
  2382 | D:4      | Reached XP level 6. HP: 38/38 MP: 6/6
  2452 | D:4      | Reached skill level 5 in Maces & Flails
  2799 | D:4      | Found a sparkling altar of Nemelex Xobeh.
  3133 | D:4      | Noticed Robin
  3163 | D:4      | Reached XP level 7. HP: 35/44 MP: 7/7
  3217 | D:4      | Killed Robin
  3397 | D:4      | Found Duesod's Antique Weapon Shoppe.
  3419 | D:5      | Entered Level 5 of the Dungeon
  3513 | D:5      | Reached skill level 6 in Maces & Flails
  3544 | D:5      | Found a sand-covered staircase.
  3554 | D:5      | Reached skill level 5 in Armour
  3557 | Ossuary  | Entered an ossuary
  3828 | Ossuary  | Reached XP level 8. HP: 12/48 MP: 8/8
  4040 | D:5      | Reached skill level 5 in Fighting
  4049 | D:5      | Reached skill level 7 in Maces & Flails
  4408 | D:5      | Noticed Edmund
  4434 | D:5      | Killed Edmund
  4435 | D:5      | Reached skill level 5 in Shields
  4963 | D:6      | Found a glowing drain.
  4983 | Sewer    | Entered a sewer
  5376 | Sewer    | Reached skill level 8 in Maces & Flails
  5906 | D:6      | Reached XP level 9. HP: 53/55 MP: 9/9
  6301 | D:7      | Found a flagged portal.
  6316 | Bailey   | Entered a bailey
  6726 | Bailey   | Noticed an orc knight
  6765 | Bailey   | Slain by an orc knight

Illustrated notes

Levels and vault maps discovered:
D:1:      dpeg_arrival_rooms_c, layout_basic,
          hellmonk_ecumenical_altar_heavens_door
D:2:      layout_basic
D:3:      layout_loops_ring
D:4:      kennysheep_goblin_castle, layout_basic, nemelex_diamond_rough_becter,
          serial_shops, shop, dreamdust_gnoll_farm
D:5:      layout_basic, nicolae_ossuary_entry_catacombs, uniq_edmund
D:6:      layout_loops_ring, portal_sewer_entry_c
D:7:      layout_loops_cross, mainiacjoe_overflow_brackets,
          grunt_temple_overflow_open, minmay_temple_entry_proselytizer,
          enter_bailey_3, uniq_prince_ribbit1
Bailey:   bailey_polearm_nasty_gnolls, bailey

Skill      XL: |  1  2  3  4  5  6  7  8 |
---------------+-------------------------+-----
Maces & Flails | 3 4 5 6 8 |  8.8
Armour         | 4 5 6 |  6.3
Fighting       | 4 5 |  5.8
Shields        | 4 5 |  5.7

Action                     |  1- 3 |  4- 6 |  7- 9 || total
---------------------------+-------+-------+-------++-------
  Melee: Flail             |   129 |   186 |   564 ||   879
 Armour: Scale mail        |    67 |       |       ||    67
         Chain mail        |    14 |   124 |   367 ||   505
  Dodge: Dodged            |    82 |    96 |   247 ||   425
  Block: Buckler           |    41 |    52 |   132 ||   225

Table legend: (Time is in decaauts)
 A = Elapsed time spent in this place.
 B = Non-inter-level travel time spent in this place.
 C = Inter-level travel time spent in this place.
 D = Time resting spent in this place.
 E = Time spent auto-exploring this place.
 F = Levels seen in this place.
 G = Mean time per level.
                   A        B        C        D        E       F      G
               +--------+--------+--------+--------+--------+-----+--------+
         Total |   7057 |   6834 |    223 |    342 |   4518 |  10 |  705.7 |
       Dungeon |   5317 |   5094 |    223 |    104 |   3764 |   7 |  759.6 |
         Sewer |    821 |    821 |      0 |      0 |    475 |   1 |  821.0 |
       Ossuary |    470 |    470 |      0 |     10 |    278 |   1 |  470.0 |
        Bailey |    448 |    448 |      0 |    228 |      0 |   1 |  448.0 |
               +--------+--------+--------+--------+--------+-----+--------+

Top non-repeatable levels by time:
     D:4: 1186 daAuts
     D:5: 985 daAuts
     D:2: 887 daAuts
   Sewer: 821 daAuts
     D:3: 809 daAuts
     D:6: 760 daAuts
     D:1: 618 daAuts
 Ossuary: 470 daAuts
  Bailey: 448 daAuts
     D:7: 69 daAuts
